 Dungeon Crawl Stone Soup version 0.25-b1-37-g2669288c55 (webtiles) character file.

Game seed: 624693500312725495

686 Aviak the Shield-Bearer (level 7, 0/66 HPs)
             Began as a Deep Dwarf Fighter on June 5, 2020.
             Was an Initiate of Makhleb.
             Slain by an orc warrior
             ... wielding a +0 falchion
              (6 damage)
             ... on level 5 of the Dungeon.
             The game lasted 00:02:11 (2704 turns).

Aviak the Shield-Bearer (Deep Dwarf Fighter)        Turns: 2704, Time: 00:02:11

Health: 0/66       AC: 13    Str: 21    XL:     7   Next: 35%
Magic:  6/6        EV:  7    Int:  9    God:    Makhleb [......]
Gold:   234        SH: 10    Dex: 12    Spells: 6/6 levels left

rFire    . . .     SeeInvis .   a - +0 war axe
rCold    . . .     Gourm    .   c - +0 kite shield
rNeg     . . .     Faith    .   b - +0 scale mail
rPois    +         Spirit   .   (no helmet)
rElec    .         Reflect  .   w - +1 cloak
rCorr    .         Harm     .   (no gloves)
MR       +....                  (no boots)
Stlth    ..........             (no amulet)
HPRegen  0.00/turn              A - +4 ring of protection
MPRegen  0.10/turn              P - ring of poison resistance

@: non-regenerating
A: damage resistance, heal wounds, sense surroundings 1, no regeneration
a: Heal Wounds, Renounce Religion


You were on level 5 of the Dungeon.
You worshipped Makhleb.
Makhleb was noncommittal.
You were not hungry.

You visited 1 branch of the dungeon, and saw 5 of its levels.

You collected 234 gold pieces.

Inventory:

Hand Weapons
 a - a +0 war axe (weapon)
Armour
 b - a +0 scale mail (worn)
 c - a +0 kite shield (worn)
 w - a +1 cloak (worn)
Jewellery
 r - a +6 ring of intelligence {unknown}
 v - an uncursed ring of stealth {unknown}
 A - a +4 ring of protection (left hand)
 P - a ring of poison resistance (right hand)
Wands
 t - a wand of acid (9)
Scrolls
 i - 5 scrolls of identify {unknown}
 j - 4 scrolls of teleportation {unknown}
 l - a scroll of random uselessness {unknown}
 n - a scroll of fear {unknown}
 o - a scroll of blinking {unknown}
 p - 2 scrolls of immolation {unknown}
 s - a scroll of enchant armour
 x - a scroll of amnesia {unknown}
Potions
 d - a potion of might
 g - 2 potions of haste {unknown}
 h - 2 potions of curing {unknown}
 k - 2 potions of mutation {unknown}
 q - a potion of flight {unknown}
 u - a potion of ambrosia {unknown}
Comestibles
 f - 8 rations


   Skills:
 + Level 4.5 Fighting
 + Level 4.8 Axes
 + Level 5.5 Armour
 + Level 5.5 Shields


You had 6 spell levels left.
You didn't know any spells.
Your spell library was empty.

Dungeon Overview and Level Annotations

Branches:
Dungeon (5/15)             Temple (0/1) D:4

Altars:
Ashenzari
Gozag
Kikubaaqudgha
Makhleb
Nemelex Xobeh

Annotations:
D:5 Eustachio


Innate Abilities, Weirdness & Mutations

You are resistant to damage.
You can heal yourself by infusing magical energy.
You passively map a small area around you.
You do not regenerate.


Message History

The rat bites you but does no damage. You block the orc warrior's attack.
The orc warrior blocks your attack.
The orc warrior is heavily wounded.
You hit the orc warrior but do no damage.
You hit the rat.
You kill the rat!
The rat's corpse disappears in a puff of smoke!
You slash Eustachio! The bat hits you but does no damage.
You block the bat's attack. You block Eustachio's attack.
The orc warrior hits you with a +4 long sword.
The orc warrior closely misses you. You block Eustachio's attack.
You closely miss the orc warrior.
The orc warrior is heavily wounded.
You hit Eustachio but do no damage. You hit the crimson imp.
You hit the orc warrior but do no damage.
The orc warrior hits you with a +4 long sword!
* * * LOW HITPOINT WARNING * * *
You block the crimson imp's attack.
The orc warrior hits you with a +0 falchion!
You die...

####### *** #.....# *,,
#.....# *,, *####.....# *,,
*.........# *,, *.........#
*#####**,, *,,*##rb§§#
*.....,,**
*,,#)#o@5.#####.....,,*,
*,,*##o@#§.........,,,*,
#...§§§§#..........,,,*,
#....§§§#......##*******
#....§###...†..#,,,,,,,,
#.####* #......+,,,,,,,, #,*
#......#,,,,,,,,
*******,******#......#.#*,****
*,,,,,,,*,,#....##'###.#######
*,,,,,,,*,,#....#...#...#.....


You could see Eustachio, 2 orc warriors, a crimson imp, a river rat (summoned)
and a bat (summoned).

Vanquished Creatures
  Sigmund (D:2)
  Edmund (D:4)
  An orc warrior (D:5)
  Blork the orc (D:5)
  A crimson imp (D:4)
  A jelly (D:5)
  An iguana (D:5)
  A worker ant (D:4)
  4 gnolls (D:2)
  An adder (D:4)
  A shadow imp (D:5)
  4 worms
  4 dart slugs
  3 orcs (D:3)
  A ball python (D:2)
  2 bat skeletons (D:3)
  3 bat zombies (D:3)
  6 giant cockroaches
  8 goblins
  4 hobgoblins
  4 jackals (D:4)
  5 kobolds
  2 quokkas
  5 bats
  7 frilled lizards
  4 rats
76 creatures vanquished.

Notes
Turn   | Place    | Note
-------+----------+-------------------------------------------
     0 | D:1      | Aviak the Deep Dwarf Fighter began the quest for the Orb.
     0 | D:1      | Reached XP level 1. HP: 20/20 MP: 1/1
    79 | D:1      | Reached XP level 2. HP: 21/27 MP: 2/2
   474 | D:2      | Reached XP level 3. HP: 27/34 MP: 3/3
   672 | D:2      | Reached XP level 4. HP: 24/42 MP: 4/4
   747 | D:2      | Found a shattered altar of Ashenzari.
  1072 | D:2      | Noticed Sigmund
  1099 | D:2      | Killed Sigmund
  1099 | D:2      | Reached XP level 5. HP: 36/50 MP: 5/5
  1416 | D:3      | Reached XP level 6. HP: 21/57 MP: 6/6
  1554 | D:3      | Found an ancient bone altar of Kikubaaqudgha.
  1735 | D:4      | Noticed Edmund
  1758 | D:4      | Killed Edmund
  1804 | D:4      | Found an opulent altar of Gozag.
  1941 | D:4      | Reached skill level 5 in Armour
  1941 | D:4      | Reached skill level 5 in Shields
  1993 | D:4      | Found a staircase to the Ecumenical Temple.
  2102 | D:4      | Found a sparkling altar of Nemelex Xobeh.
  2388 | D:4      | Found a burning altar of Makhleb.
  2417 | D:4      | Became a worshipper of Makhleb the Destroyer
  2625 | D:5      | Entered Level 5 of the Dungeon
  2673 | D:5      | Noticed Eustachio
  2673 | D:5      | Noticed an orc warrior
  2673 | D:5      | Noticed Blork the orc
  2673 | D:5      | Noticed an orc warrior
  2674 | D:5      | Noticed an orc warrior
  2681 | D:5      | Killed Blork the orc
  2681 | D:5      | Reached XP level 7. HP: 17/66 MP: 7/7
  2681 | D:5      | HP: 1/66 [orc warrior/+4 long sword (16)]
  2704 | D:5      | Slain by an orc warrior

Illustrated notes

Levels and vault maps discovered:
D:1:      minmay_arrival_arboretum_small, layout_basic
D:2:      layout_rooms, marbit_many_paths, first_ration, uniq_sigmund
D:3:      layout_basic, kennysheep_vampire_church
D:4:      layout_basic, nemelex_altar_shiori,
          nicolae_gozag_cash_rules_everything_around_me, makhleb_grotto_becter,
          minmay_temple_entry_junction_2, uniq_edmund
D:5:      layout_gridville, vehumet_crystals, sword_in_stone

Skill      XL: |  1  2  3  4  5  6 |
---------------+-------------------+-----
Fighting       | 3 4 |  4.5
Axes           | 3 4 |  4.8
Shields        | 4 5 |  5.5
Armour         | 4 5 |  5.5

Action                   |  1- 3 |  4- 6 |  7- 9 || total
-------------------------+-------+-------+-------++-------
Melee: War axe           |    74 |   179 |    12 ||   265
 Abil: Heal Wounds       |       |     2 |     6 ||     8
Evoke: Wand              |       |       |     2 ||     2
  Use: Scroll            |       |       |     3 ||     3
  Eat: Chunk             |       |     6 |       ||     6
Armor: Scale mail        |    38 |    91 |    59 ||   188
Dodge: Dodged            |    28 |    64 |    46 ||   138
Block: Kite shield       |    56 |    95 |    52 ||   203
